 Dungeon Crawl Stone Soup version 0.27-a0-385-g3208abaabc (webtiles) character file.

Game seed: 1759713051107290253

2624 kae the Ruffian (level 9, -1/86 HPs)
             Began as a Pale Draconian Transmuter on Feb 18, 2021.
             Was an Initiate of Ru.
             Slain by a gnoll
             ... wielding a +0 spear
              (5 damage)
             ... on level 7 of the Dungeon.
             The game lasted 00:05:12 (7144 turns).

kae the Ruffian (Pale Draconian Transmuter)         Turns: 7144, Time: 00:05:13

Health: -1/86      AC:  6    Str: 21    XL:     9   Next: 34%
Magic:  13/15      EV:  6    Int: 14    God:    Ru [......]
Gold:   347        SH:  0    Dex: 18    Spells: 8/16 levels left

rFire    x . .     SeeInvis .     - Unarmed
rCold    + + +     Faith    .   (shield currently unavailable)
rNeg     . . .     Spirit   .   (armour unavailable)
rPois    +         Reflect  .   (helmet currently unavailable)
rElec    .         Harm     .   (cloak currently unavailable)
rCorr    .         Rampage  .   (gloves currently unavailable)
Will     .....                  (boots currently unavailable)
Stlth    ++........             (no amulet)
HPRegen  0.24/turn              j - +6 ring of strength
MPRegen  0.14/turn              g - +6 ring of dexterity

@: ice-form, held
A: large, (breathe steam), unfitting armour, AC +7
a: End Transformation, Renounce Religion


You were on level 7 of the Dungeon.
You worshipped Ru.
Ru was noncommittal.
You were a creature of crystalline ice.
You visited 2 branches of the dungeon, and saw 8 of its levels.

You collected 347 gold pieces.

Inventory:

Armour
 c - a +1 pair of gloves (melded)
 o - a +0 pair of boots (melded)
 s - a +0 cloak (melded)
Jewellery
 g - a +6 ring of dexterity (right front paw)
 j - a +6 ring of strength (left front paw)
 l - a ring of ice
Wands
 b - a wand of iceblast (7)
 k - a wand of mindburst (13)
 m - a wand of charming (10)
 p - a wand of polymorph (12)
 t - a wand of flame (10)
Scrolls
 a - 6 scrolls of identify
 d - a scroll of enchant armour
 i - a scroll of fog
 q - 2 scrolls of fear
 r - 2 scrolls of random uselessness
Potions
 e - 4 potions of flight
 f - 2 potions of might
 h - 2 potions of curing
 n - a potion of degeneration
 u - a potion of magic {unknown}


   Skills:
 + Level 4.7 Fighting
 + Level 4.2 Dodging
 * Level 6.8 Unarmed Combat
 + Level 4.2 Spellcasting
 * Level 6.5 Transmutations
 - Level 5.0 Ice Magic
 - Level 2.0 Poison Magic


You had 8 spell levels left.
You knew the following spells:

 Your Spells              Type           Power        Failure   Level
a - Beastly Appendage     Tmut           42%          1%          1
b - Spider Form           Tmut/Pois      7%           10%         3
c - Ice Form              Ice/Tmut       19%          19%         4

Your spell library contained the following spells:

 Spells                   Type           Power        Failure   Level
 Wereblood                Tmut           21%          1%          2
 Animate Skeleton         Necr           4%           19%         1
 Apportation              Tloc           4%           19%         1
 Corona                   Hex            2%           19%         1
 Shock                    Conj/Air       8%           19%         1
 Summon Small Mammal      Summ           8%           19%         1
 Swiftness                Air            2%           28%         2
 Blade Hands              Tmut           10%          36%         5
 Static Discharge         Conj/Air       2%           50%         3
 Airstrike                Air            1%           88%         4
 Lightning Bolt           Conj/Air       1%           99%         5


Dungeon Overview and Level Annotations

Branches:
Dungeon (7/15)             Temple (1/1) D:5

Altars:
Cheibriados
Dithmenos
Fedhas
Hepliaklqana
Makhleb
Nemelex Xobeh
Okawaru
Qazlal
Ru
Sif Muna
Trog
Vehumet
Wu Jian
Xom
Zin
The Shining One

Annotations:
D:7 Harold


Innate Abilities, Weirdness & Mutations

((You can breathe blasts of scalding, opaque steam.))
((Your pale cyan-grey scales are hard. (AC +7)))
You cannot fit into any form of body armour.
((You are cold-blooded and may be slowed by cold attacks.))


Message History

The centaur shouts!
You hit the ogre. You freeze the ogre.
The ogre is moderately wounded.
The ogre barely misses you. The gnoll barely misses you.
The gnoll hits you from afar with a +0 spear.
You hit the ogre. You freeze the ogre.
The ogre is moderately wounded.
Harold hits you with a +0 trident. The gnoll closely misses you.
The gnoll barely misses you. The ogre closely misses you.
You pummel the ogre!! You freeze the ogre.
You kill the ogre!
Harold says happily, "The price on your head will fill my nest egg nicely!"
Harold hits you with a +0 trident!
* * * LOW HITPOINT WARNING * * *
The gnoll misses you. The gnoll closely misses you.
Harold completely misses you.
The gnoll hits you from afar with a +0 spear.
* * * LOW HITPOINT WARNING * * *
You see here a +0 giant spiked club.
The gnoll hits you from afar with a +0 spear.
* * * LOW HITPOINT WARNING * * *
Harold throws a throwing net.
The throwing net hits you.
You become entangled in the net!
Things that are here:
a throwing net; a throwing net You struggle against the net.
The gnoll hits you from afar with a +0 spear.
* * * LOW HITPOINT WARNING * * *
Harold points at you and mumbles some strange words.
You barely resist.
The gnoll hits you from afar with a +0 spear.
* * * LOW HITPOINT WARNING * * *
You struggle against the net.
The gnoll hits you but does no damage.
Harold grumbles, "Just give up already, I want to go home!"
The gnoll hits you but does no damage.
You struggle against the net.
The gnoll barely misses you.
Harold hits you from afar with a +0 trident.
* * * LOW HITPOINT WARNING * * *
The gnoll hits you from afar with a +0 spear.
You die...

#.........#
#.........# .
###.........##.#
..............
#..........#
#..........##.#
#......@g......
#.....g.gc.....
#.####Y##.###.#
#.##.# #.##.#
#.##.# ##.##.#
#.#...# ##.##.#
####.######
#.........########


You could see Harold, a centaur and 3 gnolls.

Vanquished Creatures
  Pikel (D:5)
  Grinder (D:5)
  Sigmund (D:6)
  Eustachio (D:5)
  Menkaure (D:6)
  Edmund (D:6)
  3 ogres
  2 centaurs (D:5)
  2 lemures (D:5)
  3 bullfrogs (D:6)
  A scorpion (D:5)
  6 killer bees (D:7)
  3 hounds
  An orc priest (D:4)
  A gnoll shaman (D:5)
  2 iguanas
  3 orc wizards (D:4)
  Natasha (D:2)
  2 worker ants
  A hound skeleton (D:4)
  4 gnolls
  12 adders
  An adder zombie (D:6)
  4 worms
  3 dart slugs
  3 leopard geckos (D:5)
  2 orcs
  3 ball pythons
  2 bats (D:2)
  5 giant cockroaches
  2 hobgoblins
  A quokka (D:2)
  8 frilled lizards
  12 goblins
  4 kobolds
  A leopard gecko skeleton (D:5)
  A quokka skeleton (D:5)
  A quokka zombie (D:5)
  10 rats
116 creatures vanquished.

Notes
Turn   | Place    | Note
-------+----------+-------------------------------------------
     0 | D:1      | kae the Draconian Transmuter began the quest for the Orb.
     0 | D:1      | Reached XP level 1. HP: 16/16 MP: 3/3
   172 | D:1      | Reached XP level 2. HP: 20/23 MP: 3/5
   808 | D:2      | Reached XP level 3. HP: 24/28 MP: 4/6
   816 | D:2      | Learned a level 3 spell: Spider Form
  1162 | D:2      | Noticed Natasha
  1182 | D:2      | Killed Natasha
  1183 | D:2      | Reached XP level 4. HP: 2/36 MP: 4/7
  1788 | D:3      | Found a faded altar of an unknown god.
  1932 | D:3      | Reached skill level 1 in Poison Magic
  2518 | D:3      | Reached XP level 5. HP: 41/41 MP: 4/8
  2692 | D:3      | Found an iron altar of Okawaru.
  2697 | D:3      | Found a blossoming altar of Fedhas.
  2826 | D:4      | Found a stormy altar of Qazlal.
  2827 | D:4      | Found a bloodstained altar of Trog.
  2827 | D:4      | Found a radiant altar of Vehumet.
  2828 | D:4      | Found a glowing golden altar of the Shining One.
  2844 | D:4      | Noticed an ogre
  2872 | D:3      | Killed an ogre
  2873 | D:3      | Reached XP level 6. HP: 44/50 MP: 1/9
  2896 | D:3      | Learned a level 4 spell: Ice Form
  3217 | D:4      | Reached skill level 1 in Ice Magic
  3475 | D:4      | Found an ornate altar of the Wu Jian Council.
  3726 | D:5      | Entered Level 5 of the Dungeon
  3730 | D:5      | Noticed Pikel
  4010 | D:5      | Your scales start taking on a pale cyan-grey colour.
  4010 | D:5      | Reached XP level 7. HP: 52/56 MP: 7/11
  4218 | D:5      | Killed Pikel
  4219 | D:5      | Reached skill level 5 in Unarmed Combat
  4219 | D:5      | Reached skill level 5 in Transmutations
  4219 | D:5      | Reached XP level 8. HP: 18/63 MP: 6/13
  4542 | D:5      | Found a snail-covered altar of Cheibriados.
  4736 | D:5      | Found a staircase to the Ecumenical Temple.
  4759 | Temple   | Entered the Ecumenical Temple
  4925 | Temple   | Became a worshipper of Ru the Awakened
  5334 | D:6      | Noticed Menkaure
  5347 | D:6      | Noticed Sigmund
  5372 | D:6      | Noticed Grinder
  5569 | D:6      | Noticed Edmund
  5595 | D:6      | Killed Edmund
  5816 | D:6      | Noticed Eustachio
  5823 | D:5      | Killed Grinder
  5857 | D:5      | Killed Eustachio
  5861 | D:5      | Reached XP level 9. HP: 72/72 MP: 13/15
  6351 | D:6      | Killed Menkaure
  6602 | D:6      | Killed Sigmund
  6785 | D:7      | Reached skill level 5 in Ice Magic
  7130 | D:7      | Noticed Harold
  7144 | D:7      | HP: 4/86 [Harold/+0 trident (3)]
  7144 | D:7      | Slain by a gnoll

Illustrated notes

Levels and vault maps discovered:
D:1:      scummos_arrival_hexagon, layout_rooms
D:2:      layout_rooms, uniq_natasha
D:3:      minmay_bubble_buster, layout_basic, minitemple,
          chequers_ecumenical_altar_island
D:4:      layout_basic, chequers_temple_overflow_statue_of_worship,
          nzn_wu_jian_council_hall
D:5:      layout_loops_ring, temple_fountains, cheibriados_altar_1, uniq_pikel
D:6:      layout_cave_pools, uniq_sigmund, uniq_grinder, uniq_edmund,
          uniq_menkaure, uniq_eustachio
D:7:      lemuel_slime, layout_loops_ring, ashenzari_altar_1,
          nicolae_gozag_cash_rules_everything_around_me,
          gammafunk_temple_overflow_forgotten, uniq_harold
Temple:   nicolae_temple_figure_zero

Skill      XL: |  1  2  3  4  5  6  7  8  9 |
---------------+----------------------------+-----
Dodging        | 2 3 4 |  4.2
Transmutations | 3 4 5 6 |  6.5
Fighting       | 2 3 4 |  4.7
Poison Magic   | 1 2 |  2.0
Unarmed Combat | 4 5 6 |  6.8
Ice Magic      | 1 2 4 5 |  5.0
Spellcasting   | 3 4 |  4.2

Action                   |  1- 3 |  4- 6 |  7- 9 || total
-------------------------+-------+-------+-------++-------
Melee: Unarmed           |    80 |   151 |   143 ||   374
       Headbutt          |    12 |       |       ||    12
       Kick              |     7 |     8 |       ||    15
       Tailslap          |     1 |     8 |     2 ||    11
       Punch             |     1 |     1 |     3 ||     5
 Cast: Beastly Appendage |    18 |     9 |       ||    27
       Spider Form       |     1 |    16 |    11 ||    28
       Ice Form          |       |       |     7 ||     7
 Abil: Breathe Steam     |       |       |     2 ||     2
  Use: Scroll            |       |    12 |     2 ||    14
       Potion            |       |       |     2 ||     2
 Stab: Sleeping          |       |     1 |     1 ||     2
Armor: Skin              |    12 |    34 |    20 ||    66
Dodge: Dodged            |    63 |   107 |   149 ||   319

Table legend: (Time is in decaauts)
 A = Elapsed time spent in this place.
 B = Non-inter-level travel time spent in this place.
 C = Inter-level travel time spent in this place.
 D = Time resting spent in this place.
 E = Time spent auto-exploring this place.
 F = Levels seen in this place.
 G = Mean time per level.
                   A        B        C        D        E       F      G
               +--------+--------+--------+--------+--------+-----+--------+
         Total |   7133 |   6958 |    175 |    868 |   5086 |   8 |  891.6 |
       Dungeon |   6954 |   6790 |    164 |    868 |   4940 |   7 |  993.4 |
        Temple |    178 |    167 |     11 |      0 |    146 |   1 |  178.0 |
               +--------+--------+--------+--------+--------+-----+--------+

Top non-repeatable levels by time:
     D:5: 1539 daAuts
     D:6: 1227 daAuts
     D:3: 1091 daAuts
     D:2: 1069 daAuts
     D:4: 958 daAuts
     D:1: 602 daAuts
     D:7: 465 daAuts
  Temple: 178 daAuts
